AoeStats
← tbzachary

Four Lakes

509019620Analyzed
1v1 RM · 9d ago on Sep 25, 2026· 53m 28s· 2 players
Game mode
Random Map
Map size
Tiny (2 player)
Population
200
Speed
Normal
Resources
Standard
Victory
Conquest
Starting age
Dark Age
Ending age
Imperial Age
RankedLock teamsTeams togetherTeam positionsShared explorationLock speedFull tech treeHidden civsTurbo modeCheats
Victory
Defeat
🇺🇸 Berbers · United States
767
+16
🇺🇸 Mongols · United States
764
-16
tbzachary
10:37 Feudal Age
12:33 Loom
14:11 Double-Bit Axe
16:38 Castle Age
17:15 Man-at-Arms
23:49 Long Swordsman
26:07 Gold Mining
26:07 Stone Mining
27:48 Pikeman
28:31 Squires
28:42 Horse Collar
29:16 Bow Saw
29:11 Fishing Lines
30:11 Padded Archer Armor
30:02 Fletching
32:31 Heavy Plow
32:06 Elite Skirmisher
36:26 Imperial Age
34:39 Wheelbarrow
35:04 Thumb Ring
37:06 Gold Shaft Mining
36:33 Onager
37:37 Drill
39:40 Siege Onager
42:18 Leather Archer Armor
41:59 Bodkin Arrow
43:36 Bracer
43:48 Forging
43:43 Scale Barding Armor
44:26 Ballistics
45:06 Chemistry
47:01 Elite Mangudai
TenToesDown3891
10:18 Feudal Age
8:34 Loom
11:38 Double-Bit Axe
15:36 Horse Collar
16:37 Fletching
17:17 Gold Mining
19:22 Wheelbarrow
22:56 Castle Age
20:49 Fishing Lines
22:58 Padded Archer Armor
24:27 Bloodlines
24:19 Husbandry
24:37 Bow Saw
26:15 Gold Shaft Mining
26:58 Thumb Ring
27:25 Bodkin Arrow
30:15 Ballistics
30:50 Leather Archer Armor
31:15 Hand Cart
36:58 Imperial Age
35:18 Light Cavalry
36:33 Scale Barding Armor
36:40 Forging
37:28 Hussar
39:54 Chain Barding Armor
39:45 Heavy Plow
40:17 Kasbah
43:52 Elite Camel Archer
46:48 Plate Barding Armor
46:50 Iron Casting
46:26 Bracer
53:26 Chemistry
Connection lost

Rejoining the realm…

Still unreachable

The connection could not be restored.

Session expired

The server has moved on; the page needs a fresh start.